 Dungeon Crawl Stone Soup version 0.31-a0-325-g067879e3d3 (webtiles) character file.

Game seed: 8579642960138643070

242 Newt the Slasher (level 6, -5/51 HPs)
             Began as a Barachi Fighter on July 18, 2023.
             Engulfed by a steam dragon's steam (6 damage)
             ... on level 6 of the Dungeon.
             The game lasted 00:02:31 (1797 turns).

Newt the Slasher (Barachi Fighter)                  Turns: 1797, Time: 00:02:32

Health: -5/51      AC: 11    Str: 18    XL:     6   Next: 9%
Magic:  15/15      EV:  9    Int:  8    God:
Gold:   86         SH:  5    Dex: 11    Spells: 5/5 levels left

rFire   . . .        h - +1 short sword (venom)
rCold   . . .        c - +1 buckler
rNeg    . . .        b - +0 scale mail
rPois   .            (no helmet)
rElec   .            (no cloak)
rCorr   +            o - +0 pair of gloves of Privacy {rCorr MP+9 Str-2}
SInv    .            e - +2 pair of boots
Will    .....        (no amulet) Stlth
                     (no ring)
HPRegen 0.28/turn    (no ring)
MPRegen 0.14/turn

%: no passive effects
@: slow
A: amphibious, slowness 1, strong legs 1, +LOS
a: Hop


You were on level 6 of the Dungeon.
You visited 1 branch of the dungeon, and saw 4 of its levels.

You collected 86 gold pieces.

Inventory:

Hand Weapons
 a - a +0 long sword
 h - a +1 short sword of venom (weapon)
Missiles
 j - 6 poisoned darts
 l - 4 boomerangs
Armour
 b - a +0 scale mail (worn)
 c - a +1 buckler (worn)
 e - a +2 pair of boots (worn)
 o - the +0 pair of gloves of Privacy (worn) {rCorr MP+9 Str-2}
   (You found it on level 6 of the Dungeon)

   Str:       It affects your strength (-2).
   MP:        It affects your magic capacity (+9).
   rCorr:     It protects you from acid and corrosion.
Wands
 p - a wand of flame (23)
Scrolls
 f - a scroll of teleportation
Potions
 d - a potion of might
 g - 2 potions of ambrosia
 i - a potion of resistance
 k - a potion of mutation {unknown}
 m - a potion of curing {unknown}
 n - a potion of enlightenment {unknown}


   Skills:
 - Level 5.0 Fighting
 - Level 6.0 Long Blades
 - Level 3.6 Armour
 + Level 4.1 Shields


You had 5 spell levels left.
You didn't know any spells.
Your spell library contained the following spells:

 Spells                   Type           Power      Damage    Failure   Level
 Freeze                   Ice            0%         1d3       86%         1
 Lesser Beckoning         Tloc           0%         N/A       95%         2
 Frozen Ramparts          Ice            0%         1d1       99%         3
 Gell's Gravitas          Tloc           0%         N/A       99%         3
 Hailstorm                Conj/Ice       0%         3d3       99%         3
 Teleport Other           Tloc           0%         N/A       99%         3


Dungeon Overview and Level Annotations

Branches:
Dungeon (3/15)

Altars:
Ashenzari
Makhleb


Innate Abilities, Weirdness & Mutations

You are amphibious.
You cover ground slowly.
You can hop short distances.
You have an extended range of vision and can be seen from far away.


Message History

You feel sick.
You feel sick. The steam dragon closely misses you.
You block the steam dragon's attack.
You hit the steam dragon but do no damage.
You feel sick. The steam dragon breathes steam at you.
The ball of steam hits you!
You barely miss the steam dragon.
You are engulfed in a cloud of scalding steam.
You feel sick. You block the steam dragon's attack.
The steam dragon claws you but does no damage.
You are engulfed in a cloud of scalding steam.
You feel sick.
You are no longer poisoned.
The steam dragon breathes steam at you. The ball of steam misses you.
You block the steam dragon's attack. x2
You barely miss the steam dragon.
You hit the steam dragon but do no damage.
The steam dragon is poisoned.
The steam dragon bites you. You block the steam dragon's attack.
You closely miss the steam dragon.
The steam dragon is lightly wounded.
The steam dragon bites you.
The steam dragon claws you but does no damage.
You block the steam dragon's attack. The steam dragon misses you.
You hit the steam dragon.
The steam dragon looks even sicker.
The steam dragon is lightly wounded.
The steam dragon bites you.
The steam dragon claws you but does no damage.
You barely miss the steam dragon.
The steam dragon is lightly wounded.
The steam dragon barely misses you.
The steam dragon claws you but does no damage.
The steam dragon breathes steam at you. The ball of steam hits you!!
* * * LOW HITPOINT WARNING * * *
You hit the steam dragon.
The steam dragon is moderately wounded.
You are engulfed in a cloud of scalding steam.
You die...

.## ..# #.. #.# ###.# #...##
# #####....###.## ..#
#......_......# # #.#
...###..D@###.... ##.# ##...#
#.##.# # #.### #.##)#
###.####.# ##.##.#
.........### ####...#<#
###......#.###.#......#
##.............###..#####
######..####.###.#.##.......#
........## ##.#.##.##.#####.#


You could see a steam dragon (very poisoned).

Vanquished Creatures
  A black bear (D:6)
  Jessica (D:2)
  3 gnolls (D:2)
  4 adders
  A worm (D:3)
  2 orcs (D:6)
  4 bats
  5 endoplasms
  9 hobgoblins
  4 jackals (D:2)
  A quokka (D:3)
  8 ball pythons
  7 frilled lizards
  5 goblins (D:1)
  7 kobolds
  6 rats
68 creatures vanquished.

Notes
Turn   | Place    | Note
-------+----------+-------------------------------------------
     0 | D:1      | Newt the Barachi Fighter began the quest for the Orb.
     0 | D:1      | Reached XP level 1. HP: 18/18 MP: 1/1
    74 | D:1      | Reached XP level 2. HP: 25/25 MP: 2/2
   458 | D:2      | Reached XP level 3. HP: 32/32 MP: 3/3
   463 | D:2      | Noticed Jessica
   471 | D:2      | Killed Jessica
   472 | D:2      | Reached skill level 5 in Fighting
   472 | D:2      | Reached skill level 3 in Long Blades
   645 | D:2      | Reached XP level 4. HP: 39/39 MP: 4/4
   716 | D:2      | Reached skill level 4 in Long Blades
  1062 | D:2      | Reached skill level 5 in Long Blades
  1062 | D:2      | Reached XP level 5. HP: 44/44 MP: 5/5
  1279 | D:3      | Found a broken altar of Ashenzari.
  1555 | D:3      | You fall into a shaft and drop 3 floors!
  1556 | D:6      | Identified the +0 pair of gloves of Privacy {rCorr MP+9
                  | Str-2}
  1565 | D:6      | Noticed a black bear
  1581 | D:6      | Killed a black bear
  1582 | D:6      | Reached skill level 6 in Long Blades
  1712 | D:6      | Reached XP level 6. HP: 51/51 MP: 6/6
  1774 | D:6      | Found a burning altar of Makhleb.
  1779 | D:6      | Noticed a steam dragon
  1796 | D:6      | HP: 1/51 [steam dragon/ball of steam (24)]
  1797 | D:6      | Engulfed by a steam dragon's steam

Illustrated notes

Levels and vault maps discovered:
D:1:      dpeg_arrival_long_road, layout_basic, minmay_unequal
D:2:      layout_loops_ring, lexackson_kobold_supper, uniq_jessica
D:3:      layout_basic, mainiacjoe_overflow_alcove_4,
          mainiacjoe_overflow_chevrons, corexii_item_surrounded_by_moat,
          minmay_statues_item
D:6:      layout_loops_ring, nicolae_overflow_crystal_walls, sword_in_stone

Skill      XL: |  1  2  3  4  5  6 |
---------------+-------------------+-----
Fighting       | 4 5 |  5.0
Long Blades    | 3 5 6 |  6.0
Shields        | 4 |  4.1
Armour         | |  3.6

Action                     |  1- 3 |  4- 6 || total
---------------------------+-------+-------++-------
  Melee: Long sword        |    92 |     1 ||    93
         Short sword       |       |   116 ||   116
    Use: Scroll            |     3 |     3 ||     6
 Armour: Scale mail        |    72 |    57 ||   129
  Dodge: Dodged            |    68 |    52 ||   120
  Block: Buckler           |    40 |    35 ||    75

Table legend: (Time is in decaauts)
 A = Elapsed time spent in this place.
 B = Non-inter-level travel time spent in this place.
 C = Inter-level travel time spent in this place.
 D = Time resting spent in this place.
 E = Time spent auto-exploring this place.
 F = Levels seen in this place.
 G = Mean time per level.
                   A        B        C        D        E       F      G
               +--------+--------+--------+--------+--------+-----+--------+
         Total |   2067 |   2000 |     67 |      0 |   1507 |   4 |  516.8 |
       Dungeon |   2067 |   2000 |     67 |      0 |   1507 |   4 |  516.8 |
               +--------+--------+--------+--------+--------+-----+--------+

Top non-repeatable levels by time:
     D:2: 871 daAuts
     D:1: 522 daAuts
     D:3: 410 daAuts
     D:6: 263 daAuts
